 Dungeon Sprint DCSS version 0.22.1-5-g62c59d9 (webtiles) character file.

4 nuthulu the Chopper (level 1, 0/20 HPs)
             Began as a Minotaur Berserker on Jan 7, 2019.
             Was a Believer of Trog.
             Succumbed to a scorpion's poison
             ... in the Dungeon (Sprint VI: "Thunderdome").
             The game lasted 00:01:39 (137 turns).

nuthulu the Chopper (Minotaur Berserker)             Turns: 137, Time: 00:01:40

Health: 0/20       AC:  2    Str: 19    XL:     1   Next: 41%
Magic:  0/0        EV: 12    Int:  0    God:    Trog [**....]
Gold:   30         SH:  0    Dex: 14    Spells: 0/0 levels left

rFire    + + +     SeeInvis .   a - +0 hand axe
rCold    + . .     Gourm    .   (no shield)
rNeg     . . .     Faith    .   b - +0 animal skin
rPois    +         Spirit   .   (helmet restricted)
rElec    +         Reflect  .   (no cloak)
rCorr    .         Harm     .   (no gloves)
MR       ++...     NoTele   +   (no boots)
Stlth    ++........             o - amulet of Knowledge {MR+ Regen+}
HPRegen  0.46/turn              r - ring "Imuaffet" {rElec rC+ MR+ Stlth+}
MPRegen  0.07/turn              q - ring "Faupnada" {rPois rF+++ Str-2 Int-4 Dex+5}

@: lethally poisoned (0 -> -5), slowed, lost intelligence, very slow
A: retaliatory headbutt, horns 2
a: Berserk, Trog's Hand, Renounce Religion


You were in the Dungeon.
You worshipped Trog.
Trog was pleased with you.
You were not hungry.

You visited 1 branch You collected 210 gold pieces.
You spent 180 gold pieces at shops.

Inventory:

Hand Weapons
 a - a +0 hand axe (weapon)
Armour
 b - a +0 animal skin (worn)
Jewellery
 o - the amulet of Knowledge (around neck) {MR+ Regen+}
   (You bought it in a shop in the Dungeon)

   [amulet of regeneration]

   It affects your resistance to hostile enchantments.
   It increases your rate of regeneration.
 p - the ring "Leeh" {Fire +Inv}
   (You bought it in a shop in the Dungeon)

   [ring of fire]

   It enhances your fire magic.
   It protects you from fire.
   It makes you vulnerable to cold.
   It lets you turn invisible.
 q - the ring "Faupnada" (right hand) {rPois rF+++ Str-2 Int-4 Dex+5}
   (You bought it in a shop in the Dungeon)

   [ring of dexterity]

   It affects your strength (-2).
   It affects your intelligence (-4).
   It affects your dexterity (+5).
   It renders you almost immune to fire.
   It protects you from poison.
 r - the ring "Imuaffet" (left hand) {rElec rC+ MR+ Stlth+}
   (You bought it in a shop in the Dungeon)

   [ring of protection from magic]

   It protects you from cold.
   It insulates you from electricity.
   It affects your resistance to hostile enchantments.
   It makes you more stealthy.
Wands
 j - a wand of acid (5)
 k - a wand of iceblast (5)
Scrolls
 i - 4 scrolls of blinking
 l - 3 scrolls of fog
Potions
 d - a potion of curing
 e - 4 potions of heal wounds
 f - 4 potions of haste
 g - 2 potions of magic
 h - a potion of berserk rage
 m - a potion of resistance
Comestibles
 c - a ration
 n - 5 chunks of flesh


   Skills:
 + Level 4.2 Fighting
 * Level 4.7 Axes
 - Level 2.4 Armour
 - Level 2.1 Dodging


You couldn't memorise any spells.
You didn't know any spells.
Your spell library was empty.

Dungeon Overview and Level Annotations

Branches:
Dungeon (1/1)

Altars:
Cheibriados
Dithmenos
Fedhas
Gozag
Kikubaaqudgha
Makhleb
Okawaru
Qazlal
Ru
Sif Muna
Trog
Uskayaw
Vehumet
Wu Jian
Xom
Yredelemnul
Zin
The Shining One
Beogh
Jiyva
Lugonu

Shops:
D *[%??*?*:[((!!!!


Innate Abilities, Weirdness & Mutations

You reflexively headbutt those who attack you in melee.
You have a pair of horns on your head.


Message History

The scorpion stings you.
You are poisoned.
The scorpion poisons you!
A giant cockroach comes into view.
The scorpion barely misses you.
You barely miss the scorpion.
The scorpion is moderately wounded.
You feel sick. The scorpion stings you.
You are more poisoned.
The scorpion poisons you! The scorpion barely misses you.
You furiously retaliate!
You headbutt the scorpion.
Unknown command.
You closely miss the scorpion. Your headbutt misses the scorpion.
The scorpion is heavily wounded.
You feel very sick. The scorpion stings you!
* * * LOW HITPOINT WARNING * * *
You closely miss the scorpion. Your headbutt misses the scorpion.
The scorpion is heavily wounded.
You die...

#∩.......∩# #_......†_#
#........_# #_......._#
###.........###
#⌠...........⌠#
#####.8.........8.######
∩__.......###...s..___∩##
........8.# #.8.@..s...∩###
..........###.............##
.......###...###..........⌠#
.......# #.<.# #..........⌠#
.......###...###..........⌠#
..........###.............##
........8.# #.8........∩###
∩__.......###......___∩##
#####.8.........8.######


You could see a scorpion and a giant cockroach.

Vanquished Creatures
  A kobold (D)
  A quokka (D)
  A ball python (D)
3 creatures vanquished.

Notes
Turn   | Place    | Note
-------+----------+-------------------------------------------
     0 | D        | nuthulu the Minotaur Berserker began the quest for the Orb.
     0 | D        | Reached XP level 1. HP: 19/19 MP: 0/0
     2 | D        | Found a sacrificial altar of Ru.
     2 | D        | Found a shimmering altar of Xom.
     3 | D        | Found a corrupted altar of Lugonu.
     3 | D        | Found a blossoming altar of Fedhas.
     4 | D        | Found a snail-covered altar of Cheibriados.
     4 | D        | Found a glowing silver altar of Zin.
     5 | D        | Found Acefiliu's Distillery.
     5 | D        | Found a basalt altar of Yredelemnul.
     5 | D        | Found a bloodstained altar of Trog.
     5 | D        | Found Hoamoez's Do-It-Yourself Clinic.
     5 | D        | Round 1.
     6 | D        | Found Huniuci's Distillery.
     6 | D        | Found Riqempech's Bottled Wisdom.
     6 | D        | Found an iron altar of Okawaru.
    29 | D        | Found Ibigruni's Staff Store.
    30 | D        | Found a roughly hewn altar of Beogh.
    30 | D        | Found an ancient bone altar of Kikubaaqudgha.
    30 | D        | Found Jely's Magic Scroll Shop.
    30 | D        | Found Jiops's Must-Have Magic.
    30 | D        | Found Cimoaq's Magic Scroll Shop.
    41 | D        | Reached ** piety under Trog
    52 | D        | Found a glowing golden altar of the Shining One.
    53 | D        | Found an ornate altar of the Wu Jian Council.
    54 | D        | Found Tubrulo's Delicious Food.
    55 | D        | Found Legayx's Jewellery.
    55 | D        | Found Ephif's Advanced Armour.
    56 | D        | Found an opulent altar of Gozag.
    56 | D        | Found a burning altar of Makhleb.
    56 | D        | Found Fuozoufu's Identification Station.
    63 | D        | Bought a scorched garnet amulet for 45 gold pieces
    63 | D        | Bought a flickering ivory ring for 45 gold pieces
    63 | D        | Bought a smoking turquoise ring for 45 gold pieces
    63 | D        | Identified the amulet of Knowledge {MR+ Regen+} (You bought
                  | it in a shop in the Dungeon)
    64 | D        | Identified the ring "Leeh" {Fire +Inv} (You bought it in a
                  | shop in the Dungeon)
    65 | D        | Lost intelligence.
    65 | D        | Identified the ring "Faupnada" {rPois rF+++ Str-2 Int-4
                  | Dex+5} (You bought it in a shop in the Dungeon)
    76 | D        | Bought a pitted glass ring for 45 gold pieces
    77 | D        | Identified the ring "Imuaffet" {rElec rC+ MR+ Stlth+} (You
                  | bought it in a shop in the Dungeon)
    81 | D        | Found a hide-covered altar of Uskayaw.
    82 | D        | Found a viscous altar of Jiyva.
    83 | D        | Found a deep blue altar of Sif Muna.
    84 | D        | Found Pusuhoid's Premium Goods.
    85 | D        | Found Ylotyn's Miscellaneous Merchandise.
    85 | D        | Found Idipakh's Basic Armour.
    86 | D        | Found a shadowy altar of Dithmenos.
    86 | D        | Found a radiant altar of Vehumet.
    86 | D        | Found a stormy altar of Qazlal.
    86 | D        | Found Aganwuh's Weapon Rack.
   103 | D        | Arena points: 4 (+4) [x1]
   113 | D        | Round 2.
   124 | D        | Noticed a scorpion
   137 | D        | Succumbed to a scorpion's poison

Skill      XL: |  1 |
---------------+----+-----
Axes           | 4 |  4.7
Fighting       | 4 |  4.2
Armour         | |  2.4
Dodging        | |  2.1

Action                   || total
-------------------------++-------
Melee: Hand axe          ||     9
       Headbutt          ||     4
Armor: Animal skin       ||     3
Dodge: Dodged            ||     9
